 Dungeon Crawl Stone Soup version 0.17-a0-1378-g281efdd (webtiles) character file.

20519 bal the Nimble (level 12, -7/96 HPs)
             Began as a Green Draconian Transmuter on June 14, 2015.
             Was a High Priest of Nemelex Xobeh.
             Shot with an arrow by a centaur warrior (16 damage)
             ... on level 14 of the Dungeon.
             The game lasted 01:51:39 (14543 turns).

bal the Nimble (Green Draconian Transmuter)        Turns: 14543, Time: 01:51:39

Health: -7/96      AC: 13    Str: 13    XL:     12   Next: 46%
Magic:  23/24      EV: 21    Int: 17    God:    Nemelex Xobeh [*****.]
Gold:   708        SH:  0    Dex: 21    Spells: 4 memorised, 18 levels left

rFire  . . .     SeeInvis .     a - +7 dagger "Noked" {freeze, +Fly rC+ Dex+3}
rCold  + . .     Clarity  .     (armour unavailable)
rNeg   . . .     SustAt   .     (no shield)
rPois  +         Gourm    .     j - +2 hat
rElec  .         Spirit   .     (no cloak)
rCorr  .         Warding  .     (no gloves)
rMut   .         Stasis   .     n - +2 pair of boots
MR     +....                    (no amulet)
Stlth  +++.......               D - +5 ring of dexterity
                                w - ring of protection from magic

@: somewhat resistant to hostile enchantments, fairly stealthy
A: breathe noxious fumes, unfitting armour, poison resistance, cold-blooded, AC
+8
a: Breathe Noxious Fumes, Triple Draw, Deal Four, Stack Five, Renounce Religion,
Evoke Flight


You were on level 14 of the Dungeon.
You worshipped Nemelex Xobeh.
Nemelex Xobeh was extremely pleased with you.
You were not hungry.

You visited 1 branch of the dungeon, and saw 14 of its levels.
You also visited: Bailey.

You collected 778 gold pieces.

Inventory:

Hand weapons
 a - the +7 dagger "Noked" (weapon) {freeze, +Fly rC+ Dex+3}
   (You found it on level 6 of the Dungeon)

   It has been specially enchanted to freeze those struck by it, causing extra
   injury to most foes and up to half again as much damage against particularly
   susceptible opponents.
   It can also slow down cold-blooded creatures.
   It affects your dexterity (+3).
   It protects you from cold.
   It lets you fly.
 u - a +3 dagger of flaming
 v - a +1 short sword of draining
Missiles
 q - 3 javelins of returning (quivered)
 J - 3 tomahawks of returning
Armour
 j - a +2 hat (worn)
 n - a +2 pair of boots (worn)
Jewellery
 w - a ring of protection from magic (left hand)
 z - an uncursed amulet of stasis
 D - a +5 ring of dexterity (right hand)
 F - an uncursed ring of see invisible
 O - an uncursed ring of poison resistance
Magical devices
 b - a wand of disintegration (0)
 l - a wand of disintegration (0)
 o - a wand of slowing (21)
 t - a wand of confusion (0)
 E - a wand of confusion (3)
 I - a wand of random effects (10)
 K - a wand of paralysis (0)
 L - a wand of frost (2)
 P - a wand of random effects (6)
 R - a wand of draining (0)
Scrolls
 d - 5 scrolls of identify
 e - 5 scrolls of remove curse
 f - 4 scrolls of amnesia
 g - 4 scrolls of fog
 i - 8 scrolls of teleportation
 x - 4 scrolls of magic mapping
 Q - 4 scrolls of enchant armour
Potions
 M - 3 potions of might
Books
 k - a book of the Sky

   Spells                             Type                      Level
   a - Summon Lightning Spire         Summoning/Air                4
   b - Airstrike                      Air                          4
   c - Silence                        Hexes/Air                    5
   d - Deflect Missiles               Charms/Air                   6
   e - Conjure Ball Lightning         Conjuration/Air              6
   f - Tornado                        Air                          9
 p - a book of Changes

   Spells                             Type                      Level
   a - Beastly Appendage              Transmutation                1
   b - Sticks to Snakes               Transmutation                2
   c - Spider Form                    Transmutation/Poison         3
   d - Ice Form                       Ice/Transmutation            4
   e - Blade Hands                    Transmutation                5
Miscellaneous
 y - a plain deck of escape {the Alchemist, left: 1}
 B - a plain deck of escape {drawn: 7}
 H - a lantern of shadows
Comestibles
 m - 8 bread rations
 r - 3 beef jerkies
 s - 2 meat rations
 G - a royal jelly
 N - 5 fruits


   Skills:
 + Level 6.2 Fighting
 + Level 5.9 Short Blades
 + Level 1.0 Throwing
 + Level 10.1 Dodging
 + Level 5.2 Stealth
 + Level 3.5 Unarmed Combat
 + Level 8.8 Spellcasting
 + Level 0.6 Summonings
 + Level 9.7 Transmutations
 + Level 0.4 Air Magic
 + Level 1.0 Poison Magic
 + Level 6.4 Evocations


You had 18 spell levels left.
You knew the following spells:

 Your Spells              Type           Power        Failure   Level  Hunger
a - Beastly Appendage     Trmt           #####.       1%          1    None
b - Sticks to Snakes      Trmt           #####.....   1%          2    None
c - Spider Form           Trmt/Pois      ####......   3%          3    #......
d - Summon Lightning Spi  Summ/Air       #.......     82%         4    ###....


Dungeon Overview and Level Annotations

Branches:
Dungeon (14/15)            Temple (0/1) D:6            Lair (0/8) D:8
    Orc (0/4) D:9
 Vaults: D:13-14

Altars:
Ashenzari
Elyvilon
Fedhas
Gozag
Nemelex Xobeh
Qazlal
Ru
Trog
The Shining One

Shops:
D:11 (


Innate Abilities, Weirdness & Mutations

You can breathe blasts of noxious fumes.
Your lurid green scales are hard (AC +8).
Your body does not fit into most forms of armour.
Your system is resistant to poisons.
You are cold-blooded and may be slowed by cold attacks.


Message History

Read which item? (? for menu, Esc to quit)
Okay, then.
Drink which item? (? for menu, Esc to quit)
Okay, then.
Casting: Sticks to Snakes
Confirm with . or Enter, or press ? or * to list all spells.
Okay, then.
Evoke which item? (* to show all) (? for menu, Esc to quit)
Zapping:
I - a wand of random effects (11)
Press: ? - help, Shift-Dir - straight line, f/p - centaur warrior
Aim: a centaur warrior, wielding a shortbow The centaur warrior seems to speed up.
This wand has 10 charges left.
The centaur warrior shoots an arrow.
The arrow hits you!
The centaur warrior shoots an arrow.
The arrow barely misses you.
The centaur warrior shoots an arrow.
The arrow hits you!!
* * * LOW HITPOINT WARNING * * *
You see here an arrow.
The centaur warrior shoots an arrow.
The arrow hits you!
You die...
Your body glows with a rainbow of weird colours and disappears.

#########
..c.((((####.#
#######((@...#
######.#


You could see a centaur warrior.

Vanquished Creatures
  A fire dragon (D:14)
  A great orb of eyes (D:14)
  Harold (D:12)
  An alligator (D:14)
  A centaur warrior (D:12)
  A satyr (D:14)
  A swamp dragon (D:14)
  2 hill giants
  An orc knight (D:13)
  3 ugly things
  A griffon (D:14)
  2 centaur skeletons
  A kobold demonologist (D:13)
  A troll (D:11)
  2 two-headed ogres
  4 deep elf magi
  2 slime creatures (D:12)
  6 yaks
  2 hippogriffs
  2 hungry ghosts
  Grum (D:8)
  A wraith (D:10)
  Edmund (D:4)
  2 wolves (D:8)
  2 water moccasins
  A wasp (D:13)
  4 ice beasts
  A black bear (D:10)
  3 sky beasts
  7 orc warriors
  5 centaurs
  2 crocodiles
  2 necrophages
  Blork the orc (D:4)
  9 giant frogs
  A wyvern zombie (D:12)
  2 scorpions
  3 wyvern skeletons (D:13)
  7 killer bees
  7 wights (D:9)
  5 centaur zombies
  2 crimson imps
  8 orc wizards
  A jelly (D:9)
  6 hounds
  5 orc priests
  Ijyb (D:2)
  3 giant frog skeletons
  A quasit (D:11)
  9 worker ants
  3 iguanas
  A killer bee zombie (D:5)
  A hound skeleton (D:10)
  A worker ant zombie (D:5)
  4 gnolls
  9 adders
  2 shadow imps
  An adder zombie (D:5)
  2 worms
  4 adder skeletons
  5 giant geckos
  45 orcs
  11 bats
  A bat skeleton (D:4)
  4 giant cockroaches
  17 hobgoblins
  4 jackals
  22 kobolds
  A quokka (D:10)
  A ball python (D:5)
  3 giant newts
  8 goblins
  14 rats
303 creatures vanquished.

Vanquished Creatures (collateral kills)
  Josephine (D:10)
  An orc knight (Bailey)
  A hill giant (D:13)
  2 cyclopes
  A komodo dragon (D:10)
  A two-headed ogre (D:12)
  A deep elf mage (D:9)
  A trapdoor spider (D:11)
  4 wraiths (D:10)
  5 yaks (D:11)
  A steam dragon (D:4)
  A hungry ghost (D:11)
  A water moccasin (D:9)
  A soldier ant (D:12)
  A hippogriff (D:7)
  A wolf (D:8)
  3 orc warriors
  2 eyes of draining
  2 ogres
  A phantom (D:11)
  2 giant frogs (D:11)
  A wyvern zombie (D:7)
  A killer bee (D:10)
  A hound (D:5)
  5 orc priests
  7 orc wizards
  An iguana (D:10)
  A worker ant (D:12)
  A worker ant zombie (D:7)
  An adder (D:4)
  2 gnolls
  A worm (D:3)
  23 orcs
  2 hobgoblins
  3 giant cockroaches
  A jackal (D:8)
  15 kobolds
  A rat (D:7)
101 creatures vanquished.

Vanquished Creatures (others)
  A yak (D:11)
  A plant (D:8)
2 creatures vanquished.

Grand Total: 406 creatures vanquished

Notes
Turn   | Place    | Note
--------------------------------------------------------------
     0 | D:1      | bal the Draconian Transmuter began the quest for the Orb.
     0 | D:1      | Reached XP level 1. HP: 16/16 MP: 3/3
   312 | D:1      | Reached XP level 2. HP: 23/23 MP: 1/5
   422 | D:1      | Learned a level 2 spell: Sticks to Snakes
   426 | D:2      | Found a faded altar to an unknown god.
   739 | D:2      | Reached XP level 3. HP: 17/28 MP: 1/6
   976 | D:2      | Learned a level 3 spell: Spider Form
   976 | D:2      | Noticed Ijyb
   997 | D:2      | Killed Ijyb
   997 | D:2      | Reached XP level 4. HP: 25/35 MP: 4/8
  1095 | D:2      | Found a sparkling altar of Nemelex Xobeh.
  1103 | D:2      | Became a worshipper of Nemelex Xobeh the Trickster
  1393 | D:3      | Noticed a brown ugly thing
  1398 | D:3      | Killed a brown ugly thing
  1423 | D:3      | Found an opulent altar of Gozag.
  1579 | D:3      | Received a gift from Nemelex Xobeh
  1642 | D:3      | Noticed a green ugly thing
  1772 | D:3      | Found an opulent altar of Gozag.
  1936 | D:3      | Reached XP level 5. HP: 37/41 MP: 2/9
  2448 | D:4      | Noticed a steam dragon
  2448 | D:4      | a worm changed into a steam dragon
  2455 | D:4      | Killed a steam dragon
  2455 | D:4      | Reached skill level 1 in Short Blades
  2455 | D:4      | Reached skill level 1 in Evocations
  2533 | D:4      | Found a blossoming altar of Fedhas.
  2698 | D:4      | Reached skill level 1 in Stealth
  2813 | D:4      | Noticed Blork the orc
  2858 | D:4      | Killed Blork the orc
  2858 | D:4      | Reached XP level 6. HP: 11/50 MP: 1/10
  3387 | D:4      | Noticed Edmund
  3395 | D:4      | Killed Edmund
  3395 | D:4      | Reached skill level 4 in Dodging
  3768 | D:5      | Entered Level 5 of the Dungeon
  3799 | D:5      | Your scales start taking on a lurid green colour.
  3799 | D:5      | Gained mutation: Your system is resistant to poisons. [Green Draconian growth]
  3799 | D:5      | Reached XP level 7. HP: 6/56 MP: 2/12
  4168 | D:5      | Learned a level 4 spell: Summon Lightning Spire
  4261 | D:5      | Reached skill level 1 in Poison Magic
  4457 | D:5      | Received a gift from Nemelex Xobeh
  4594 | D:5      | Found a sacrificial altar of Ru.
  4646 | D:5      | Found a bloodstained altar of Trog.
  4890 | D:6      | Received a gift from Nemelex Xobeh
  5238 | D:6      | Found a glowing golden altar of the Shining One.
  5266 | D:6      | Received a gift from Nemelex Xobeh
  5285 | D:6      | Acquired Nemelex Xobeh's first power
  5480 | D:6      | Got a pitted dagger
  5481 | D:6      | Identified the +7 dagger "Noked" {freeze, +Fly rC+ Dex+3} (You found it on level 6 of the Dungeon)
  5587 | D:6      | Found a staircase to the Ecumenical Temple.
  5648 | D:7      | Reached skill level 5 in Dodging
  5663 | D:7      | Found a white marble altar of Elyvilon.
  5670 | D:7      | Received a gift from Nemelex Xobeh
  5732 | D:7      | Reached XP level 8. HP: 56/63 MP: 13/13
  6206 | D:7      | Received a gift from Nemelex Xobeh
  7016 | D:7      | Reached skill level 5 in Transmutations
  7175 | D:8      | Acquired Nemelex Xobeh's second power
  7175 | D:8      | Received a gift from Nemelex Xobeh
  7317 | D:8      | Reached skill level 6 in Dodging
  7333 | D:8      | Noticed a two-headed ogre
  7337 | D:8      | Killed a two-headed ogre
  7337 | D:8      | Reached skill level 5 in Spellcasting
  7337 | D:8      | Reached XP level 9. HP: 44/71 MP: 16/16
  7403 | D:8      | Noticed Grum
  7458 | D:8      | Killed Grum
  7568 | D:8      | Found a staircase to the Lair.
  7570 | D:8      | Noticed a komodo dragon
  7593 | D:8      | Received a gift from Nemelex Xobeh
  7677 | D:8      | Found a shattered altar of Ashenzari.
  8162 | D:9      | Acquired Nemelex Xobeh's third power
  8507 | D:9      | Found a staircase to the Orcish Mines.
  8555 | D:9      | Reached XP level 10. HP: 66/80 MP: 19/19
  8981 | D:10     | Entered Level 10 of the Dungeon
  8999 | D:10     | Reached skill level 7 in Dodging
  9040 | D:10     | Received a gift from Nemelex Xobeh
  9076 | D:10     | Killed a komodo dragon
  9455 | D:10     | Noticed Josephine
  9492 | D:10     | Killed Josephine
  9773 | D:10     | Noticed a hill giant
  9780 | D:10     | Killed a hill giant
  9780 | D:10     | Reached skill level 5 in Fighting
  9780 | D:10     | Reached skill level 8 in Dodging
 10104 | D:10     | Found a stormy altar of Qazlal.
 10136 | D:10     | Received a gift from Nemelex Xobeh
 10772 | D:11     | Reached XP level 11. HP: 70/88 MP: 21/21
 10887 | D:11     | Found Icydo Imin's Antique Weapon Emporium.
 10987 | D:11     | Found a white marble altar of Elyvilon.
 11317 | D:12     | Received a gift from Nemelex Xobeh
 11467 | D:12     | Noticed Harold
 11486 | D:12     | Killed Harold
 11523 | D:12     | Reached skill level 5 in Evocations
 11732 | D:12     | Reached skill level 9 in Dodging
 11920 | D:12     | Noticed a centaur warrior
 11939 | D:12     | Found a flagged portal.
 11952 | Bailey   | Entered a bailey
 11996 | Bailey   | Reached skill level 5 in Short Blades
 13031 | D:12     | Killed a centaur warrior
 13105 | D:13     | Received a gift from Nemelex Xobeh
 13402 | D:13     | Noticed a hill giant
 13422 | D:13     | Killed a hill giant
 13422 | D:13     | Reached skill level 5 in Stealth
 13511 | D:13     | Noticed a hill giant
 13534 | D:13     | Killed a hill giant
 13580 | D:13     | Reached XP level 12. HP: 95/95 MP: 21/24
 14042 | D:13     | Reached skill level 1 in Throwing
 14196 | D:14     | Received a gift from Nemelex Xobeh
 14240 | D:14     | Noticed a great orb of eyes
 14240 | D:14     | a purple ugly thing changed into a great orb of eyes
 14240 | D:14     | Noticed a great orb of eyes
 14240 | D:14     | a purple ugly thing changed into a great orb of eyes
 14259 | D:14     | a great orb of eyes changed into a swamp dragon
 14285 | D:14     | Killed a great orb of eyes
 14322 | D:14     | Reached skill level 10 in Dodging
 14419 | D:14     | Noticed a fire dragon
 14466 | D:14     | Killed a fire dragon
 14475 | D:14     | Noticed a centaur warrior
 14543 | D:14     | Shot with an arrow by a centaur warrior

Vault maps used:
D:1:      evilmike_arrival_sounds_zot
D:2:      ecumenical_altar_2, nemelex_deck, uniq_iyjb
D:3:      overflow_temple_1_default, kennysheep_pointless_box,
          grunt_gozag_breadcrumbs
D:4:      wad_lake_hut, lemuel_coloured_pillars_altar, first_bread, uniq_edmund,
          uniq_blork_the_orc
D:5:      lemuel_round_altar, lightli_temple_of_fire
D:6:      tso_metal_star, minmay_temple_entry_nine_rooms
D:7:      nicolae_overflow_crystal_walls, grunt_ogre_cave
D:8:      david_lair_shrubbed, evilmike_ruin_ashenzari, uniq_grum
D:9:      erik_orc_3
D:10:     minmay_misc_feat_more_columns, nicolae_qazlal_style_of_elements,
          uniq_josephine
D:11:     serial_shops, shop, basic_altar, hangedman_abyss_or_decor_clamps
D:12:     enter_bailey_8, uniq_harold
D:13:     kennysheep_generic_room_2
D:14:     erik_vaults_1, serial_park_tiny_pond
Bailey:   bailey_axe_1, bailey

Action                   |  1- 3 |  4- 6 |  7- 9 | 10-12 || total
-------------------------+-------+-------+-------+-------++-------
Melee: Unarmed           |    67 |    17 |    11 |       ||    95
       Dagger            |    33 |   140 |   344 |   599 ||  1116
Throw: Javelin           |       |     2 |       |     9 ||    11
       Tomahawk          |       |       |       |     1 ||     1
 Cast: Beastly Appendage |     9 |    12 |    18 |     7 ||    46
       Sticks to Snakes  |     4 |     9 |    48 |    83 ||   144
       Spider Form       |     1 |     3 |     2 |       ||     6
       Summon Lightning  |       |       |       |     1 ||     1
Invok: Stack Five        |       |       |       |     1 ||     1
 Abil: Breathe Noxious F |       |       |       |     2 ||     2
Evoke: Deck              |       |    17 |    34 |    57 ||   108
       Wand              |       |     8 |     4 |    70 ||    82
  Use: Potion            |       |     5 |     5 |     6 ||    16
       Scroll            |       |     8 |    11 |    10 ||    29
 Stab: Sleeping          |       |     1 |     4 |     2 ||     7
       Distracted        |       |       |     3 |     4 ||     7
       Confused          |       |       |       |     2 ||     2
       Paralysed         |       |       |       |     5 ||     5
       Fleeing           |       |       |       |     1 ||     1
  Eat: Chunk             |     1 |     5 |     5 |       ||    11
       Bread ration      |       |     1 |       |     3 ||     4
       Fruit             |       |     3 |       |     4 ||     7
       Meat ration       |       |       |     1 |       ||     1
       Pizza             |       |       |     2 |       ||     2
       Beef jerky        |       |       |     4 |     2 ||     6
